 Dungeon Crawl Stone Soup version 0.26-a0-651-gb41185065b (webtiles) character file.

Game seed: 3361377122701584176

42 Lanoc the Sneak (level 3, 0/21 HPs)
             Began as an Octopode Enchanter on Oct 14, 2020.
             Slain by a hound (4 damage)
             ... on level 3 of the Dungeon.
             The game lasted 00:01:38 (790 turns).

Lanoc the Sneak (Octopode Enchanter)                 Turns: 790, Time: 00:01:39

Health: 0/21       AC:  1    Str:  4 (7)  XL:     3   Next: 54%
Magic:  0/6        EV: 13    Int: 14 (17) God:
Gold:   15         SH:  0    Dex: 10 (13) Spells: 3/6 levels left

rFire    . . .     SeeInvis .   a - +1 dagger
rCold    . . .     Faith    .   (no shield)
rNeg     . . .     Spirit   .   (helmet restricted)
rPois    .         Reflect  .   (no amulet)
rElec    .         Harm     .   (no ring)
rCorr    .         Rampage  .   (no ring)
MR       .....                  (no ring)
Stlth    ++++......             (no ring)
HPRegen  0.07/turn              (no ring)
MPRegen  0.10/turn              (no ring)
                                (no ring)
                                (no ring)

@: stab, very slightly contaminated, invisible
A: almost no armour, stealthy swim, amphibious, 8 rings, constrict 8, camouflage
1, gelatinous body 1
a: no special abilities


You were on level 3 of the Dungeon.
You visited 1 branch of the dungeon, and saw 3 of its levels.

You collected 15 gold pieces.

Inventory:

Hand Weapons
 a - a +1 dagger (weapon)
Scrolls
 d - a scroll of magic mapping {unknown}
 f - a scroll of identify {unknown}
 g - 2 scrolls of remove curse {unknown}
 h - a scroll of teleportation {unknown}
 i - a scroll of fear {unknown}
Potions
 j - a potion of heal wounds {unknown}


   Skills:
 - Level 1.0 Short Blades
 + Level 2.5 Dodging
 * Level 5.2 Stealth
 - Level 2.0 Spellcasting
 + Level 3.4 Hexes


You had 3 spell levels left.
You knew the following spells:

 Your Spells              Type           Power        Failure   Level
a - Corona                Hex            ##.....      6%          1
b - Ensorcelled Hibernat  Hex/Ice        #.....       19%         2

Your spell library contained the following spells:

 Spells                   Type           Power        Failure   Level
 Confusing Touch          Hex            ##......     19%         3
 Tukima's Dance           Hex            ##......     19%         3
 Dazzling Flash           Conj/Hex       #.....       34%         3


Dungeon Overview and Level Annotations

Branches:
Dungeon (3/15)

Altars:
Okawaru


Innate Abilities, Weirdness & Mutations

You cannot wear most types of armour.
You are very stealthy in the water. (Stealth+)
You are amphibious.
You can wear up to eight rings at the same time.
You can use your tentacles to constrict eight enemies at once.
Your skin changes colour to match your surroundings (Stealth+).
Your rubbery body absorbs attacks. (AC +1, EV +1)


Message History

The hound bites you.
* * * LOW HITPOINT WARNING * * *
The hound bites you.
* * * LOW HITPOINT WARNING * * *
It was a potion of stabbing.
You feel ready to backstab.
You constrict the hound. The hound bites you but does no damage.
It was a potion of invisibility.
You fade into invisibility!
You constrict the hound, but do no damage.
The hound barely misses you. x2
You completely miss the hound.
The hound is moderately wounded.
You constrict the hound. The hound closely misses you.
It was a potion of degeneration.
There was something very wrong with that liquid.
You feel weakened.
You feel dopey.
You feel clumsy.
You constrict the hound, but do no damage.
The hound barely misses you. The hound bites you.
You die...

.............# ###
.............#
..........†..#
............######
................#
.......#...####.#
.......#...# ..
########...##.#
#..<@h.# #......#
#............
#........#####
#........#
#......(.#
..#####... .. #...


You could see a hound.

Vanquished Creatures
  2 adders (D:2)
  2 worms (D:3)
  2 giant cockroaches (D:2)
  2 goblins (D:2)
  4 hobgoblins
  A ball python (D:3)
  2 bats (D:2)
  2 frilled lizards
  A kobold (D:2)
18 creatures vanquished.

Notes
Turn   | Place    | Note
-------+----------+-------------------------------------------
     0 | D:1      | Lanoc the Octopode Enchanter began the quest for the Orb.
     0 | D:1      | Reached XP level 1. HP: 11/11 MP: 3/3
   123 | D:2      | Reached XP level 2. HP: 17/17 MP: 5/5
   142 | D:2      | Learned a level 2 spell: Ensorcelled Hibernation
   354 | D:2      | Reached XP level 3. HP: 21/21 MP: 6/6
   366 | D:2      | Reached skill level 5 in Stealth
   420 | D:2      | Found an iron altar of Okawaru.
   790 | D:3      | Slain by a hound

Illustrated notes

Levels and vault maps discovered:
D:1:      noname_arrival_rooms_in_the_neighbourhood, layout_basic,
          minmay_ruptured
D:2:      layout_loops_ring, nicolae_ru_the_path_less_chosen, okawaru_trees_1
D:3:      layout_basic, lightli_temple_of_fire, serial_bayou_lake_a,
          uniq_natasha

Skill      XL: |  1  2  3 |
---------------+----------+-----
Stealth        | 5 |  5.2
Short Blades   | |  1.0
Dodging        | |  2.5
Spellcasting   | |  2.0
Hexes          | |  3.4

Action                   || total
-------------------------++-------
Melee: Dagger            ||    31
       Constrict         ||     6
       Tentacles         ||     4
 Cast: Corona            ||     1
       Ensorcelled Hiber ||     3
  Use: Potion            ||     3
 Stab: Sleeping          ||    14
Armor: Skin              ||     1
Dodge: Dodged            ||    12

Table legend: (Time is in decaauts)
 A = Elapsed time spent in this place.
 B = Non-inter-level travel time spent in this place.
 C = Inter-level travel time spent in this place.
 D = Time resting spent in this place.
 E = Time spent auto-exploring this place.
 F = Levels seen in this place.
 G = Mean time per level.
                   A        B        C        D        E       F      G
               +--------+--------+--------+--------+--------+-----+--------+
         Total |    788 |    773 |     15 |      0 |    637 |   3 |  262.7 |
       Dungeon |    788 |    773 |     15 |      0 |    637 |   3 |  262.7 |
               +--------+--------+--------+--------+--------+-----+--------+

Top non-repeatable levels by time:
     D:2: 453 daAuts
     D:3: 231 daAuts
     D:1: 102 daAuts
